Map: Odyssey LE

Players

Apogee

  • Race: Terran Terran
  • Spawn Location: 11:00

Drunkenboi - Winner!

  • Race: Terran Terran
  • Spawn Location: 5:00

Event: WCS Montreal 2017

VOD

Have the link to the VOD?

Description

Time

  • Played on: Sept. 8, 2017, 12:41 p.m.
  • Length: 6:15

All games in this series

Show
View Real Time Build Order
Export as new Build Order

Apogee Terran 

Build Orders: 1/1/1 

Get SALT Encoding   

  12  0:00  SCV  
  13  0:13  SCV  
  14  0:18  Supply Depot  
  14  0:25  SCV  
  15  0:29  Refinery  
  15  0:40  SCV  
  16  0:46  Barracks  
  16  0:57  SCV  
  16  1:02  Refinery  
  17  1:10  SCV  
  18  1:23  SCV  
  19  1:34  Marine  
  19  1:35  Factory  
  19  1:36  Orbital Command  
  20  1:47  Supply Depot  
  20  1:52  Marine  
  21  2:02  SCV  
  22  2:18  SCV  
  22  2:21  Armory  
  23  2:25  Starport  
  23  2:30  Hellion  
  23  2:33  SCV  
  26  2:41  Supply Depot  
  26  2:46  SCV  
  27  2:54  Factory Tech Lab  
  27  2:58  Supply Depot, SCV  
  28  3:03  Medivac  
  30  3:12  Marine  
  29  3:26  Thor  
  34  3:28  SCV  
  35  3:34  Supply Depot  
  35  3:42  Medivac, SCV  
  38  3:54  SCV  
  39  4:06  SCV  
  40  4:18  Thor  
  40  4:23  SCV  
  47  4:24  Medivac  
  47  4:25  Supply Depot  
  48  4:35  SCV  
  48  4:47  SCV  
  39  5:07  SCV  
  37  5:19  SCV  
  37  5:21  Thor  
  44  5:22  Command Center  
  42  5:30  Reaper  
  40  5:44  Medivac  
  41  5:50  SCV  
Show
View Real Time Build Order
Export as new Build Order

Drunkenboi Terran - Winner!

Build Orders: Cyclone Opening, Gas First Reaper Expand, Reaper Expand 

Get SALT Encoding   

  12  0:01  SCV  
  13  0:13  SCV  
  14  0:18  Supply Depot  
  14  0:25  SCV  
  14  0:27  Refinery  
  15  0:39  SCV  
  16  0:45  Barracks  
  16  0:51  SCV  
  17  1:03  SCV  
  18  1:15  SCV  
  19  1:33  Orbital Command, Reaper  
  20  1:47  Command Center  
  20  2:00  Factory  
  20  2:03  SCV  
  20  2:07  Reaper  
  22  2:10  Refinery  
  22  2:15  SCV  
  23  2:29  Bunker  
  23  2:36  Supply Depot  
  23  2:46  Starport  
  23  2:57  Marine, SCV  
  23  2:58  Cyclone  
  28  3:02  Orbital Command  
  28  3:10  SCV  
  29  3:15  Marine  
  30  3:25  Viking  
  30  3:26  SCV  
  33  3:32  Cyclone  
  33  3:33  Marine, SCV  
  38  3:40  Supply Depot  
  38  3:43  SCV  
  38  3:46  SCV  
  40  3:51  Marine  
  40  3:55  SCV  
  42  3:58  Viking, SCV  
  45  4:03  Supply Depot  
  45  4:04  Factory Tech Lab  
  45  4:07  SCV  
  45  4:09  Barracks Reactor  
  46  4:15  SCV  
  46  4:18  Supply Depot  
  46  4:19  SCV  
  46  4:23  Siege Tank  
  50  4:26  Refinery  
  50  4:28  SCV  
  50  4:31  SCV  
  52  4:35  Viking  
  54  4:40  SCV  
  54  4:42  Supply Depot  
  54  4:43  SCV  
  56  4:48  Marine x2  
  56  4:52  SCV  
  59  4:54  Refinery  
  59  4:55  SCV  
  59  5:04  SCV  
  57  5:07  Marine x2  
  57  5:10  SCV  
  60  5:16  SCV  
  60  5:17  Viking  
  63  5:22  Siege Tank  
  63  5:25  Marine x2  
  68  5:29  SCV x2  
  70  5:37  Supply Depot  
  70  5:45  Marine x2  
  70  5:47  SCV x2  
  68  5:59  SCV x2  
  71  6:09  Barracks x2  
Tags
 
Add a new tag
Caveats
  • Supply blocks, unpowered buildings, or Contaminate may cause inaccurate times.
  • Supply counts are checked every 10 seconds.